 Dungeon Crawl Stone Soup version 0.22-a0-515-g75794bf (webtiles) character file.

379 Gildeon the Poker (level 6, -4/43 HPs)
             Began as an Octopode Fighter on June 19, 2018.
             Was a Follower of Makhleb.
             Shot with an arrow by a centaur (13 damage)
             ... on level 5 of the Dungeon.
             The game lasted 00:12:30 (3466 turns).

Gildeon the Poker (Octopode Fighter)                Turns: 3466, Time: 00:12:31

Health: -4/43      AC:  1    Str: 17    XL:     6   Next: 74%
Magic:  15/15      EV: 10    Int: 11    God:    Makhleb [*.....]
Gold:   140        SH: 13    Dex: 11    Spells: 5/5 levels left

rFire    . . .     SeeInvis .   a - +2 trident
rCold    + . .     Gourm    .   B - +0 large shield
rNeg     . . .     Faith    +   (helmet restricted)
rPois    +         Spirit   .   y - amulet of faith (curse)
rElec    .         Reflect  .   n - ring of protection from cold
rCorr    .         Harm     .   l - ring of poison resistance
MR       .....                  t - ring of magical power
Stlth    +++.......             x - ring of wizardry
HPRegen  0.14/turn              (no ring)
MPRegen  0.14/turn              (no ring)
                                (no ring)
                                (no ring)

@: no status effects
A: almost no armour, stealthy swim, amphibious, 8 rings, constrict 8, camouflage
1, gelatinous body 1
a: Renounce Religion


You were on level 5 of the Dungeon.
You worshipped Makhleb.
Makhleb was aware of your devotion.
You were not hungry.

You visited 1 branch of the dungeon, and saw 5 of its levels.

You collected 140 gold pieces.

Inventory:

Hand Weapons
 a - a +2 trident (weapon)
Armour
 B - a +0 large shield (worn)
Jewellery
 l - a ring of poison resistance (right tentacle)
 n - a ring of protection from cold (left tentacle)
 t - a ring of magical power (on tentacle)
 u - a +6 amulet of reflection
 x - a ring of wizardry (on tentacle)
 y - a cursed amulet of faith (around mantle)
Wands
 q - a wand of disintegration (12)
 A - a wand of clouds (3)
Scrolls
 e - a scroll of fog {unknown}
 g - a scroll of noise {unknown}
 j - a scroll of teleportation {unknown}
 s - 2 scrolls of remove curse
 w - 2 scrolls of random uselessness {unknown}
Potions
 c - a potion of might
 f - a potion of curing
 h - 3 potions of heal wounds
 i - a potion of resistance {unknown}
 k - a potion of lignification {unknown}
 m - a potion of ambrosia {unknown}
 o - a potion of haste {unknown}
 p - 2 potions of flight {unknown}
 r - a potion of brilliance {unknown}
 z - a potion of berserk rage {unknown}
Comestibles
 d - 5 rations


   Skills:
 + Level 4.0 Fighting
 * Level 4.3 Polearms
 + Level 4.0 Dodging
 + Level 3.3 Stealth
 + Level 4.1 Shields


You had 5 spell levels left.
You didn't know any spells.
Your spell library was empty.

Dungeon Overview and Level Annotations

Branches:
Dungeon (5/15)
 Temple: D:4-7

Altars:
Ashenzari
Fedhas
Makhleb
Qazlal
Ru
Trog
Yredelemnul


Innate Abilities, Weirdness & Mutations

You cannot wear most types of armour.
You are very stealthy in the water. (Stealth+)
You are amphibious.
You can wear up to eight rings at the same time.
You can use your tentacles to constrict eight enemies at once.
Your skin changes colour to match your surroundings (Stealth+).
Your rubbery body absorbs attacks. (AC +1, EV +1)


Message History

You block the arrow.
An adder comes into view.
The centaur shoots an arrow.
The arrow hits you!
You see here an arrow.
The centaur shoots an arrow.
The arrow hits you!
The centaur shoots an arrow.
The arrow hits you.
You see here an arrow.
The centaur shoots an arrow.
The arrow hits you!
* * * LOW HITPOINT WARNING * * *
The centaur shoots an arrow.
The arrow hits you.
* * * LOW HITPOINT WARNING * * *
You see here 2 arrows.
You feel much better.
The centaur shoots an arrow.
You block the arrow.
The centaur shoots an arrow.
The arrow hits you!
The centaur shoots an arrow.
The arrow hits you!
* * * LOW HITPOINT WARNING * * *
You see here an arrow.
The centaur shoots an arrow.
You block the arrow.
The centaur shoots an arrow.
The arrow hits you!
You die...

.........# #.## #......
#####....###..###....##
..## ##........##.....#
....##..####...##....##
#...#.# ###........##
.S...... #..[.
#.......... ......#
#..# ##........##
.....#
##.#######..<.##..##
....#
#..@.........###..##
#...# #..(..####...#
##... ..###...#
##..#### ##.## ####
........#####(.## #...
# ..c....(##..(..##
...## ##...#...(c.....#
.### #...............#
.# ...................
...#..............<..


You could see a centaur.

Vanquished Creatures
  Menkaure (D:4)
  2 scorpions (D:4)
  An orc wizard (D:3)
  A worker ant (D:4)
  4 adders
  3 oozes
  3 worms
  2 dart slugs (D:1)
  A leopard gecko (D:4)
  5 orcs
  10 bats
  2 giant cockroaches
  4 hobgoblins
  2 jackals (D:1)
  9 kobolds
  2 quokkas (D:4)
  4 frilled lizards
  5 goblins
  A leopard gecko skeleton (D:4)
  8 rats
70 creatures vanquished.

Notes
Turn   | Place    | Note
-------+----------+-------------------------------------------
     0 | D:1      | Gildeon the Octopode Fighter began the quest for the Orb.
     0 | D:1      | Reached XP level 1. HP: 16/16 MP: 1/1
   219 | D:1      | Reached XP level 2. HP: 13/21 MP: 2/2
   583 | D:1      | Reached XP level 3. HP: 18/26 MP: 3/3
  1104 | D:2      | Found a stormy altar of Qazlal.
  1144 | D:2      | Reached skill level 1 in Stealth
  1221 | D:2      | Found a bloodstained altar of Trog.
  1298 | D:2      | Found a burning altar of Makhleb.
  1314 | D:2      | Became a worshipper of Makhleb the Destroyer
  1398 | D:2      | Reached XP level 4. HP: 31/31 MP: 4/4
  1618 | D:2      | Found a blossoming altar of Fedhas.
  1863 | D:3      | Found a sacrificial altar of Ru.
  1865 | D:3      | Found a basalt altar of Yredelemnul.
  1865 | D:3      | Found a shattered altar of Ashenzari.
  2499 | D:4      | Reached XP level 5. HP: 36/36 MP: 5/5
  2573 | D:4      | Reached * piety under Makhleb
  2945 | D:4      | Reached XP level 6. HP: 34/43 MP: 6/6
  3207 | D:4      | Noticed Menkaure
  3213 | D:4      | Killed Menkaure
  3260 | D:5      | Entered Level 5 of the Dungeon
  3466 | D:5      | Shot with an arrow by a centaur

Vault maps used:
D:1:      lemuel_arrival_funnel
D:2:      overflow_temple_1_default, marbit_many_paths, lemuel_doored_altar,
          lemuel_crystal_altar, first_ration
D:3:      grunt_temple_overflow_open
D:4:      uniq_menkaure
D:5:      lemuel_round_altar

Skill      XL: |  1  2  3  4  5  6 |
---------------+-------------------+-----
Stealth        | 1 2 3 |  3.3
Polearms       | 3 4 |  4.3
Fighting       | 4 |  4.0
Dodging        | 4 |  4.0
Shields        | 4 |  4.1

Action                   |  1- 3 |  4- 6 || total
-------------------------+-------+-------++-------
Melee: Trident           |    67 |    78 ||   145
       Constrict         |    16 |    20 ||    36
       Tentacles         |     7 |    15 ||    22
  Use: Scroll            |     5 |     1 ||     6
       Potion            |       |     2 ||     2
 Stab: Sleeping          |     6 |    15 ||    21
  Eat: Chunk             |     2 |     1 ||     3
       Ration            |       |     2 ||     2
Armor: Skin              |     6 |     4 ||    10
Dodge: Dodged            |    24 |    19 ||    43
Block: Shield            |    21 |    32 ||    53
       Large shield      |       |     3 ||     3

Table legend:
 A = Spawn XP
 B = Non-spawn XP
 C = Spawn XP percentage of total XP
 D = Spawn monster count
 E = Non-spawn monster count
 F = Spawn count percentage of total count
 G = Total turns spent on level
                    A         B        C        D         E        F      G
               +---------+---------+-------+---------+---------+-------+---------
         Total |       0 |     542 |   0.0 |       0 |      70 |   0.0 |  3466
               +---------+---------+-------+---------+---------+-------+---------
           D:1 |       0 |      47 |   0.0 |       0 |      24 |   0.0 |  1083
           D:2 |       0 |      44 |   0.0 |       0 |      14 |   0.0 |   579
           D:3 |       0 |      65 |   0.0 |       0 |      15 |   0.0 |   879
           D:4 |       0 |     386 |   0.0 |       0 |      17 |   0.0 |   719
               +---------+---------+-------+---------+---------+-------+---------
